Map: Ruby Rock LE

Players

INexorable

  • Race: Terran Terran
  • Spawn Location: 11:00

A.I. 1 (Very Easy) - Winner!

  • Race: Zerg Zerg
  • Spawn Location: 5:00

VOD

Have the link to the VOD?

Description

Time

  • Played on: Dec. 29, 2025, 3:18 p.m.
  • Length: 9:37
Show
View Real Time Build Order
Export as new Build Order

INexorable Terran 

Build Orders: Reaper Expand, Hellion Banshee 

Get SALT Encoding   

  12  0:00  SCV  
  13  0:12  SCV  
  14  0:16  Supply Depot  
  14  0:24  SCV  
  15  0:38  SCV  
  15  0:39  Barracks  
  15  0:42  Refinery  
  16  0:50  SCV  
  17  1:02  SCV  
  18  1:14  SCV  
  19  1:26  Orbital Command, Reaper  
  20  1:38  Command Center  
  20  1:47  Supply Depot  
  20  1:52  SCV  
  21  1:58  Marine  
  22  2:04  SCV  
  23  2:09  Factory  
  23  2:16  SCV  
  23  2:21  Barracks Reactor  
  24  2:28  SCV  
  25  2:37  Command Center  
  25  2:40  SCV  
  26  2:50  Orbital Command  
  26  2:52  SCV  
  27  2:59  Starport  
  27  3:05  SCV  
  28  3:06  Refinery  
  28  3:10  Hellion  
  30  3:15  SCV  
  30  3:17  SCV  
  30  3:18  Hellion  
  34  3:21  Barracks Tech Lab  
  34  3:28  SCV  
  34  3:29  SCV  
  34  3:33  Hellion  
  38  3:39  Hellion  
  38  3:40  SCV  
  38  3:41  SCV  
  42  3:44  Cloaking Field  
  42  3:47  Marine  
  43  3:49  Orbital Command  
  43  3:52  SCV  
  43  3:53  SCV  
  45  3:57  Hellion  
  45  4:00  Banshee  
  50  4:04  Hellion  
  50  4:05  SCV  
  50  4:06  SCV  
  50  4:08  Supply Depot  
  54  4:12  Barracks Tech Lab  
  54  4:13  Orbital Command  
  54  4:17  SCV  
  54  4:18  SCV  
  56  4:28  Barracks  
  56  4:29  SCV  
  56  4:30  Barracks, SCV  
  58  4:31  Supply Depot  
  58  4:34  Stimpack, Marine  
  58  4:35  Factory Reactor  
  60  4:38  SCV  
  60  4:41  SCV  
  60  4:43  SCV  
  62  4:45  Banshee  
  62  4:46  Refinery x2  
  62  4:50  SCV  
  66  4:53  Marine, SCV  
  66  4:54  Supply Depot  
  66  4:55  SCV  
  69  5:01  Engineering Bay x2  
  69  5:02  SCV  
  69  5:05  SCV  
  71  5:07  SCV  
  71  5:11  Marine  
  73  5:14  SCV  
  73  5:15  Supply Depot  
  73  5:16  Marine x2  
  73  5:18  SCV  
  73  5:19  SCV  
  78  5:23  Marine x2  
  78  5:27  SCV  
  81  5:28  Terran Infantry Armor Level 1, Terran Infantry Weapons Level 1  
  81  5:30  SCV, Marine, Supply Depot  
  81  5:34  Marine  
  81  5:35  SCV  
  85  5:39  Starport Reactor, SCV  
  85  5:40  Supply Depot  
  85  5:42  SCV  
  87  5:44  Marine x3  
  87  5:46  Siege Tank  
  93  5:50  Supply Depot  
  93  5:51  Marine, SCV  
  93  5:52  SCV  
  93  5:55  Barracks  
  93  5:56  SCV  
  97  5:59  Barracks  
  97  6:03  SCV  
  98  6:04  SCV  
  98  6:05  Supply Depot  
  98  6:07  Marine x4  
  98  6:08  SCV  
  104  6:14  Combat Shield  
  104  6:15  SCV, Supply Depot  
  104  6:16  Medivac x2  
  104  6:17  Marine  
  104  6:18  SCV  
  111  6:21  Siege Tank, Supply Depot  
  111  6:24  Armory  
  114  6:26  SCV  
  114  6:32  Marine x4  
  117  6:35  Marine  
  117  6:36  Factory  
  117  6:37  SCV x2  
  117  6:38  SCV  
  123  6:48  Barracks Reactor x2  
  123  6:51  Marine x3  
  123  6:52  Medivac, Command Center, Marine  
  123  6:53  Medivac  
  131  6:58  Refinery x2, Supply Depot  
  131  7:02  Marine  
  131  7:05  Widow Mine  
  134  7:10  SCV x3  
  134  7:13  Marine x4  
  141  7:16  Supply Depot x2  
  141  7:26  Marine x4  
  141  7:27  Marine, Factory Reactor  
  146  7:33  Marine x3  
  146  7:36  Supply Depot x3  
  149  7:37  Drilling Claws, Marine, Supply Depot  
  149  7:38  Terran Vehicle And Ship Armor Level 1  
  149  7:39  Factory Reactor  
  149  7:43  Widow Mine  
  152  7:44  Marine  
  152  7:51  Marine x2  
  154  7:52  Marine x2  
  154  7:54  Supply Depot  
  154  7:55  Marine x3, Supply Depot  
  154  7:56  Marine  
  161  8:04  Sensor Tower  
  161  8:11  Sensor Tower  
  161  8:14  Concussive Shells  
  161  8:15  Barracks  
  161  8:16  Barracks  
  161  8:17  Barracks, Widow Mine x3  
  167  8:22  Marine x6  
  167  8:23  Marine x3  
  167  8:24  Medivac x2  
  180  8:29  SCV x3  
  183  8:38  Planetary Fortress  
  183  8:43  Command Center, Widow Mine x3  
  189  8:50  Marauder  
  189  8:51  SCV  
  189  8:52  Refinery x2, SCV x2  
  194  9:06  Barracks Tech Lab x3  
  194  9:09  Ghost Academy  
  200  9:27  Command Center  
  200  9:29  Command Center  
  200  9:30  Starport  
  200  9:33  Starport, Fusion Core  
Show
View Real Time Build Order
Export as new Build Order

A.I. 1 (Very Easy) Zerg - Winner!

Build Orders: Pool First 

Get SALT Encoding   

  12  0:01  Drone  
  13  0:12  Overlord  
  13  0:16  Drone  
  14  0:35  Spawning Pool  
  14  0:36  Extractor  
  14  0:39  Drone  
  13  0:47  Drone  
  14  0:52  Overlord  
  14  1:22  Queen  
  14  1:23  Zergling x2  
  17  1:35  Roach Warren  
  17  1:36  Extractor  
  15  1:40  Zergling x2  
  15  1:41  Drone  
  17  1:48  Drone  
  18  1:57  Zergling x2  
  19  2:02  Drone  
  20  2:12  Drone  
  21  2:23  Drone  
  22  2:30  Drone  
  22  2:34  Overlord  
  23  2:37  Drone  
  24  2:45  Drone  
  25  5:07  Zergling x2  
  25  5:39  Drone, Lair, Overlord  
  26  5:46  Drone  
  27  5:50  Roach  
  27  5:53  Drone  
  30  6:00  Drone  
  31  6:07  Drone  
  29  6:33  Roach  
  29  6:36  Overseer x2  
  31  7:12  Hatchery  
  30  7:16  Roach  
  32  8:25  Drone  
  33  8:32  Drone  
  33  8:33  Extractor  
  33  8:34  Extractor  
  32  8:39  Drone  
  33  8:46  Drone  
  34  8:53  Drone  
  35  9:00  Drone  
  36  9:08  Drone  
  37  9:13  Overlord, Overseer  
  37  9:15  Drone  
  38  9:22  Drone  
Tags
 
Add a new tag
Caveats
  • Supply blocks, unpowered buildings, or Contaminate may cause inaccurate times.
  • Supply counts are checked every 10 seconds.